 Dungeon Crawl Stone Soup version 0.28-a0-535-g6f645e4c1d (webtiles) character file.

Game seed: 11165311019586175381

84 bande the Covered (level 4, 0/29 HPs)
             Began as a Gargoyle Fighter on Sept 27, 2021.
             Slain by Natasha (5 damage)
             ... on level 3 of the Dungeon.
             The game lasted 00:03:19 (2669 turns).

bande the Covered (Gargoyle Fighter)                Turns: 2669, Time: 00:03:19

Health: 0/29       AC: 10    Str: 21    XL:     4   Next: 45%
Magic:  4/4        EV:  9    Int:  8    God:
Gold:   114        SH:  5    Dex:  9    Spells: 3/3 levels left

rFire   . . .      SeeInvis .   a - +0 war axe
rCold   . . .      Faith    .   c - +1 buckler
rNeg    + . .      Spirit   .   b - +0 scale mail
rPois   ∞          Reflect  .   (no helmet)
rElec   +          Harm     .   (no cloak)
rCorr   .          Rampage  .   (no gloves)
Will    .....                   (no boots)
Stlth   ..........              (no amulet)
HPRegen 0.09/turn               (no ring)
MPRegen 0.09/turn               (no ring)

@: slowed, very slow
A: sickness immunity, AC +3, negative energy resistance 1, electricity
resistance, torment resistance 1, petrification resistance
a: no special abilities


You were on level 3 of the Dungeon.
You visited 1 branch of the dungeon, and saw 3 of its levels.

You collected 114 gold pieces.

Inventory:

Hand Weapons
 a - a +0 war axe (weapon)
Armour
 b - a +0 scale mail (worn)
 c - a +1 buckler (worn)
Scrolls
 f - 2 scrolls of magic mapping {unknown}
 g - a scroll of noise {unknown}
 i - a scroll of identify
Potions
 d - a potion of might
 e - a potion of brilliance
 h - a potion of heal wounds


   Skills:
 + Level 3.8 Fighting
 + Level 2.8 Axes
 + Level 4.2 Armour
 + Level 0.2 Stealth
 + Level 3.5 Shields


You had 3 spell levels left.
You didn't know any spells.
Your spell library contained the following spells:

 Spells                   Type           Power      Damage    Failure   Level
 Beastly Appendage        Tmut           0%         N/A       77%         1
 Wereblood                Tmut           0%         N/A       88%         2
 Spider Form              Tmut/Pois      0%         N/A       98%         3


Dungeon Overview and Level Annotations

Branches:
Dungeon (3/15)

Altars:

Annotations:
D:3 Natasha


Innate Abilities, Weirdness & Mutations

You are immune to sickness and miasma.
Your stone body is resilient. (AC +3)
You are immune to poison.
You resist negative energy. (rN+)
You are resistant to electric shocks. (rElec)
You are resistant to unholy torment.
You are immune to petrification.


Message History

You climb downwards.
Natasha hisses angrily.
There is a stone staircase leading up here.
Natasha casts a spell at you.
You feel yourself slow down.
Natasha stares at you and mumbles some strange words.
The magic dart hits you. You block Natasha's attack. x2
You hit Natasha.
Natasha is moderately wounded.
Natasha claws you. You block Natasha's attack.
You hit Natasha but do no damage.
Natasha is moderately wounded.
Natasha claws you.
You hit Natasha.
Natasha is severely wounded.
Natasha claws you. x2
You hit Natasha.
Natasha is almost dead.
Natasha claws you. x2
* * * LOW HITPOINT WARNING * * *
Natasha wildly gestures.
You feel disoriented. Natasha claws you but does no damage.
You closely miss Natasha.
Natasha is almost dead.
Natasha claws you.
* * * LOW HITPOINT WARNING * * *
Natasha stares at you and mumbles some strange words.
The magic dart hits you but does no damage.
You completely miss Natasha.
Natasha is almost dead.
Natasha claws you.
* * * LOW HITPOINT WARNING * * *
You block Natasha's attack.
Unknown command.
You closely miss Natasha.
Natasha is almost dead.
Natasha barely misses you. Natasha claws you.
You die...

#. #. ##.##.#
...... ..#..## ...
#.....# ....
#..##h##.....
#####..##@.......
.................
..#####...........
.......<...#....#.
.#.####.........#
#......##.#
......## .#
.......# .
.##.....#


You could see Natasha.

Vanquished Creatures
  3 adders (D:2)
  A worm (D:2)
  3 endoplasms
  3 giant cockroaches
  5 goblins (D:2)
  6 hobgoblins
  4 jackals (D:1)
  8 kobolds
  5 quokkas
  5 bats
  4 frilled lizards (D:2)
  A rat (D:2)
48 creatures vanquished.

Vanquished Creatures (others)
  A plant (D:1)
1 creature vanquished.

Grand Total: 49 creatures vanquished

Notes
Turn   | Place    | Note
-------+----------+-------------------------------------------
     0 | D:1      | bande the Gargoyle Fighter began the quest for the Orb.
     0 | D:1      | Reached XP level 1. HP: 14/14 MP: 1/1
   174 | D:1      | Reached XP level 2. HP: 17/19 MP: 2/2
   208 | D:1      | Found a faded altar of an unknown god.
   950 | D:2      | Reached XP level 3. HP: 21/24 MP: 3/3
  1350 | D:2      | Reached skill level 4 in Armour
  1602 | D:2      | Reached XP level 4. HP: 29/29 MP: 4/4
  2659 | D:3      | Noticed Natasha
  2669 | D:3      | Slain by Natasha

Illustrated notes

Levels and vault maps discovered:
D:1:      lemuel_arrival_room, layout_loops_ring, basic_ecumenical_altar,
          serial_bayou, serial_bayou_pond_a, serial_bayou_lake_a,
          serial_bayou_crossing, serial_bayou_shore_b, serial_bayou_pond_d,
          serial_bayou_ford_a
D:2:      minmay_razor_zed, layout_basic, bh_walls_and_bars
D:3:      layout_rooms, mainiacjoe_overflow_surrounded_room,
          kennysheep_generic_room_7, uniq_natasha

Skill      XL: |  1  2  3 |
---------------+----------+-----
Axes           | 2 |  2.8
Armour         | 4 |  4.2
Fighting       | |  3.8
Stealth        | |  0.2
Shields        | |  3.5

Action                   |  1- 3 |  4- 6 || total
-------------------------+-------+-------++-------
Melee: War axe           |   110 |    69 ||   179
  Use: Scroll            |     5 |       ||     5
       Potion            |     3 |       ||     3
Armor: Scale mail        |    65 |    38 ||   103
Dodge: Dodged            |    84 |    38 ||   122
Block: Buckler           |    23 |    23 ||    46

Table legend: (Time is in decaauts)
 A = Elapsed time spent in this place.
 B = Non-inter-level travel time spent in this place.
 C = Inter-level travel time spent in this place.
 D = Time resting spent in this place.
 E = Time spent auto-exploring this place.
 F = Levels seen in this place.
 G = Mean time per level.
                   A        B        C        D        E       F      G
               +--------+--------+--------+--------+--------+-----+--------+
         Total |   2793 |   2746 |     47 |    637 |   1661 |   3 |  931.0 |
       Dungeon |   2793 |   2746 |     47 |    637 |   1661 |   3 |  931.0 |
               +--------+--------+--------+--------+--------+-----+--------+

Top non-repeatable levels by time:
     D:2: 1626 daAuts
     D:1: 1149 daAuts
     D:3: 16 daAuts
